 Dungeon Crawl Stone Soup version 0.24.0-37-gcf1ca852f1 (webtiles) character file.

Game seed: 13949774811005300129, levelgen mode: deterministic

976 Luthien the Thaumaturge (level 7, -4/36 HPs)
             Began as a Deep Elf Conjurer on Dec 6, 2019.
             Slain by an orc wizard
             ... wielding a +0 dagger of electrocution
              (18 damage)
             ... on level 5 of the Dungeon.
             The game lasted 00:19:36 (5074 turns).

Luthien the Thaumaturge (Deep Elf Conjurer)         Turns: 5074, Time: 00:19:41

Health: -4/36      AC:  5    Str:  5    XL:     7   Next: 95%
Magic:  11/21      EV: 13    Int: 20    God:
Gold:   195        SH:  0    Dex: 17    Spells: 12/23 levels left

rFire    + . .     SeeInvis .   q - +0 spear
rCold    . . .     Gourm    .   (no shield)
rNeg     + . .     Faith    .   k - +2 robe {rC+}
rPois    .         Spirit   .   C - +0 helmet
rElec    .         Reflect  .   (no cloak)
rCorr    .         Harm     .   (no gloves)
MR       .....                  (no boots)
Stlth    ++........             (no amulet)
HPRegen  0.12/turn              u - ring of positive energy
MPRegen  0.17/turn              d - ring of fire

@: lethally poisoned (-4 -> -6)
A: no striking features
a: no special abilities


You were on level 5 of the Dungeon.
You were hungry.

You visited 2 branches of the dungeon, and saw 6 of its levels.

You collected 195 gold pieces.

Inventory:

Hand Weapons
 b - a +0 club
 q - a +0 spear (weapon)
Missiles
 x - 50 stones (quivered)
 E - 13 arrows
Armour
 a - a +0 robe
 i - a +0 shield
 j - a +0 leather armour
 k - a +2 robe of cold resistance (worn)
 w - a +0 leather armour
 A - a +0 ring mail
 C - a +0 helmet (worn)
 H - a +0 robe
Jewellery
 d - a ring of fire (right hand)
 g - a +5 ring of evasion
 u - a ring of positive energy (left hand)
Wands
 z - a wand of polymorph (5)
Scrolls
 e - a scroll of magic mapping {unknown}
 h - 2 scrolls of remove curse
 n - a scroll of enchant weapon {unknown}
 o - a scroll of identify
 r - a scroll of teleportation
 y - a scroll of fog {unknown}
 F - a scroll of amnesia {unknown}
 G - a scroll of fear {unknown}
Potions
 f - 6 potions of heal wounds
 l - a potion of berserk rage {unknown}
 m - 2 potions of flight {unknown}
 p - a potion of magic {unknown}
 s - 3 potions of curing {unknown}
 t - a potion of haste {unknown}
 v - 2 potions of brilliance {unknown}
 B - 2 potions of mutation {unknown}
 D - 2 potions of degeneration {unknown}
Comestibles
 c - 8 rations
 I - 6 chunks of flesh


   Skills:
 - Level 2.8 Dodging
 - Level 2.9 Stealth
 + Level 8.8 Spellcasting
 + Level 8.3 Conjurations


You had 12 spell levels left.
You knew the following spells:

 Your Spells              Type           Power        Failure   Level  Hunger
a - Magic Dart            Conj           ####         1%          1    None
b - Searing Ray           Conj           #####.       1%          2    None
c - Iskenderun's Mystic   Conj           #####...     2%          4    ###....
d - Fulminant Prism       Conj/Hex       ####......   14%         4    ###....

Your spell library contained the following spells:

 Spells                   Type           Power        Failure   Level  Hunger
 Dazzling Spray           Conj/Hex       ####..       4%          3    None
 Force Lance              Conj/Tloc      ####....     14%         4    ###....


Dungeon Overview and Level Annotations

Branches:
Dungeon (5/15)             Temple (1/1) D:4

Altars:
Cheibriados
Dithmenos
Fedhas
Gozag
Kikubaaqudgha
Okawaru
Ru
Sif Muna
Wu Jian
Zin
The Shining One
Lugonu


Message History

Press: ? - help, Shift-Dir - straight line, f - orc wizard, p - orc
Aim: an orc wizard, wielding a +0 dagger of electrocution and wearing a +0 robe (fast)
The searing ray hits the orc.
The orc is severely wounded. (Press . to maintain the ray.)
The searing ray hits the orc wizard.
The orc wizard is lightly wounded.
The orc wizard hits you with a +0 dagger of electrocution.
The searing ray misses the orc wizard.
The searing ray hits the orc!
You kill the orc!
You feel sick.
The orc wizard hits you with a +0 dagger of electrocution.
The orc wizard misses you.
The searing ray hits the orc wizard!
The orc wizard is almost dead.
You finish channeling your searing ray.
The orc wizard hits you but does no damage.
You are electrocuted!!
Ouch! That really hurt!
You die...

#.......#..........>..#
#..######.....####.#..#
#..# ###.######.#..#
####..#####
#...........#
#.........#
########.#..#
#.#######.#
#.......#..### #.# #.#
##...###........ #.#
#.###.#.#.###.#..### #.#
#.#@o)...........#
######.#
#.#.#.#.#.###.##[#
.......# #.#.##...#
##....#
######รท#######[#.# #.##
#...###
......#).........# #.#
#.#.# ######.#######.###
#.# #.#.# #.........#
#.# #.#.# #.#########
###.####.#.#
#........<.##..........#


You could see an orc wizard.

Vanquished Creatures
  Grinder (D:3)
  Sigmund (D:3)
  A phantom (D:4)
  A centaur (D:5)
  A howler monkey (D:4)
  An orc wizard (D:4)
  A bullfrog skeleton (D:5)
  2 orc priests (D:4)
  An iguana (D:4)
  A worker ant (D:5)
  8 gnolls
  9 adders
  A shadow imp (D:3)
  An adder skeleton (D:4)
  4 worms
  2 dart slugs (D:2)
  2 leopard geckos (D:1)
  7 orcs
  6 giant cockroaches
  10 goblins
  5 hobgoblins
  3 quokkas
  A ball python (D:1)
  5 bats
  8 frilled lizards
  5 kobolds
  A quokka skeleton (D:5)
  6 rats
95 creatures vanquished.

Notes
Turn   | Place    | Note
-------+----------+-------------------------------------------
     0 | D:1      | Luthien the Deep Elf Conjurer began the quest for the Orb.
     0 | D:1      | Reached XP level 1. HP: 10/10 MP: 6/6
   242 | D:1      | Reached XP level 2. HP: 15/15 MP: 5/8
   260 | D:1      | Learned a level 2 spell: Searing Ray
  1087 | D:2      | Reached XP level 3. HP: 19/19 MP: 6/10
  1169 | D:2      | Reached skill level 5 in Conjurations
  1294 | D:2      | Reached XP level 4. HP: 24/24 MP: 8/12
  1443 | D:2      | Learned a level 4 spell: Iskenderun's Mystic Blast
  1448 | D:2      | Found a blossoming altar of Fedhas.
  1873 | D:2      | Reached skill level 5 in Spellcasting
  2112 | D:2      | Reached XP level 5. HP: 24/28 MP: 10/14
  2154 | D:2      | Found a glowing silver altar of Zin.
  2155 | D:2      | Found a sacrificial altar of Ru.
  2155 | D:2      | Found a shadowy altar of Dithmenos.
  2385 | D:2      | Found a snail-covered altar of Cheibriados.
  2699 | D:3      | Noticed Sigmund
  2704 | D:3      | Killed Sigmund
  2704 | D:3      | Reached XP level 6. HP: 32/32 MP: 7/17
  2866 | D:3      | Learned a level 4 spell: Fulminant Prism
  3250 | D:3      | Noticed Grinder
  3259 | D:3      | Paralysed by Grinder for 2 turns
  3263 | D:3      | Killed Grinder
  3263 | D:3      | Reached XP level 7. HP: 3/36 MP: 4/19
  3826 | D:4      | Found a staircase to the Ecumenical Temple.
  3851 | Temple   | Entered the Ecumenical Temple
  4517 | D:5      | Entered Level 5 of the Dungeon
  5074 | D:5      | Slain by an orc wizard

Levels and vault maps discovered:
D:1:      minmay_arrival_diagonal_passages, layout_loops_corners
D:2:      layout_loops_ring, fedhas_ov_isle_minmay,
          nicolae_overflow_quartered_altars
D:3:      layout_rooms, first_ration, uniq_grinder, uniq_sigmund
D:4:      layout_cave_pools, minmay_temple_entry_slanted
D:5:      layout_loops_ring
Temple:   corrupted_temple

Skill      XL: |  1  2  3  4  5  6  7 |
---------------+----------------------+-----
Spellcasting   | 4 5 6 7 8 |  8.8
Conjurations   | 5 6 7 8 |  8.3
Dodging        | |  2.8
Stealth        | |  2.9

Action                   |  1- 3 |  4- 6 |  7- 9 || total
-------------------------+-------+-------+-------++-------
 Cast: Magic Dart        |    35 |    71 |    62 ||   168
       Searing Ray       |     6 |    16 |    13 ||    35
  Use: Scroll            |       |       |     3 ||     3
  Eat: Chunk             |     1 |     6 |     5 ||    12
Armor: Leather armour    |       |     3 |       ||     3
       Robe              |       |       |     3 ||     3
Dodge: Dodged            |     5 |    15 |     7 ||    27
